 Dungeon Crawl Stone Soup version 0.25-a0-166-g16436c4407 (webtiles) character file.

Game seed: 9664802171627952509, levelgen mode: deterministic

18 Esekla the Caller (level 2, 21/21 HPs)
             Began as a Human Summoner on Nov 25, 2019.
             Got out of the dungeon alive.
             The game lasted 00:07:15 (1490 turns).

Esekla the Caller (Human Summoner)                  Turns: 1490, Time: 00:07:16

Health: 21/21      AC:  2    Str:  8    XL:     2   Next: 85%
Magic:  5/5        EV: 13    Int: 15    God:
Gold:   35         SH:  0    Dex: 13    Spells: 4/5 levels left

rFire    . . .     SeeInvis .   h - +0 war axe (elec)
rCold    . . .     Gourm    .   (no shield)
rNeg     . . .     Faith    .   a - +0 robe
rPois    .         Spirit   .   (no helmet)
rElec    .         Reflect  .   (no cloak)
rCorr    .         Harm     .   (no gloves)
MR       .....                  (no boots)
Stlth    ++........             (no amulet)
HPRegen  0.07/turn              (no ring)
MPRegen  0.09/turn              (no ring)

@: no status effects
A: no striking features
a: no special abilities


You escaped.
You were hungry.

You visited 1 branch of the dungeon, and saw 2 of its levels.

You collected 35 gold pieces.

Inventory:

Hand Weapons
 f - a +0 hand axe
 g - a +0 short sword
 h - a +0 war axe of electrocution (weapon)
Missiles
 d - 13 poisoned darts (quivered)
Armour
 a - a +0 robe (worn)
Scrolls
 e - 2 scrolls of identify {unknown}
 k - a scroll of enchant weapon {unknown}
 l - a scroll of fear {unknown}
Potions
 b - a potion of degeneration {unknown}
 i - a potion of magic {unknown}
 j - a potion of curing {unknown}
Comestibles
 c - 2 rations


   Skills:
 * Level 1.3 Fighting
 + Level 0.2 Axes
 + Level 0.3 Throwing
 * Level 2.4 Dodging
 + Level 2.0 Stealth
 + Level 2.0 Spellcasting
 - Level 4.0 Summonings


You had 4 spell levels left.
You knew the following spells:

 Your Spells              Type           Power        Failure   Level  Hunger
a - Summon Small Mammal   Summ           ##..         4%          1    #......

Your spell library contained the following spells:

 Spells                   Type           Power        Failure   Level  Hunger
 Call Imp                 Summ           ##......     6%          2    ###....
 Call Canine Familiar     Summ           ##......     13%         3    ###....
 Summon Guardian Golem    Hex/Summ       #.......     28%         3    ###....
 Summon Ice Beast         Ice/Summ       #.......     67%         4    #####..
 Summon Lightning Spire   Summ/Air       #.......     67%         4    #####..


Dungeon Overview and Level Annotations

Branches:
Dungeon (2/15)

Altars:


Message History

There is an open door here.
There is an open door here.
There is an open door here.
There is an open door here.
There is an open door here.
You see here 19 stones.
There is an open door here.
You are feeling hungry.
There is an open door here.
There is an open door here.
There is an open door here.
There is an open door here.
All of the chunks of flesh in your inventory have rotted away.
There is an open door here.
There is an open door here.
There is an open door here.
There is an open door here.
There is a staircase leading out of the dungeon here.
Are you sure you want to leave the Dungeon?
This will make you lose the game!
You have escaped!

################.#######...
#.......'......#(##........
#.############.#.##.####...
#.#.....'....#.#.##.# #..#
#.#.########.#.#.##.# #.>#
#.#.#...'..#.#.#.##.# #..#
#.#.#.###..#.#.#.#..# #>.#
#.#.#.#>##'#'#'#'#'## #...
#'#'#'#'##@#.#.#.#.# ##.#
#.#.#.#.####.#.#.#.# #..
#.#.#.#..'...#.#.#.# ###
#.#.#.########.#.#.#
#.#.#....'.....#.#.# #
#.#.############.#.# ..
#.#......'.......#.# ##.
#.################.# .
#........'.........# #


There were no monsters in sight!

Vanquished Creatures
  3 bats
  A giant cockroach (D:1)
  2 goblins (D:1)
  5 hobgoblins
  A frilled lizard (D:2)
  3 rats (D:1)
15 creatures vanquished.

Notes
Turn   | Place    | Note
-------+----------+-------------------------------------------
     0 | D:1      | Esekla the Human Summoner began the quest for the Orb.
     0 | D:1      | Reached XP level 1. HP: 13/13 MP: 3/3
   597 | D:2      | Reached XP level 2. HP: 8/20 MP: 5/5
   844 | D:1      | Reached skill level 1 in Fighting
   856 | D:1      | HP: 1/21 [goblin (2)]
  1490 | D:$      | Got out of the dungeon alive.

Levels and vault maps discovered:
D:1:      minmay_arrival_widening_spiral_narrow, layout_loops_ring,
          minmay_3d_cube
D:2:      layout_loops_cross

Skill      XL: |  1  2 |
---------------+-------+-----
Fighting       | 1 |  1.3
Axes           | |  0.2
Throwing       | |  0.3
Dodging        | |  2.4
Stealth        | |  2.0
Spellcasting   | |  2.0
Summonings     | |  4.0

Action                   || total
-------------------------++-------
Melee: Unarmed           ||    13
       Short sword       ||     9
       Hand axe          ||     7
       War axe           ||    21
Throw: Dart              ||     4
 Stab: Sleeping          ||     2
  Eat: Chunk             ||     1
Armor: Robe              ||    11
Dodge: Dodged            ||    30

Table legend:
 A = Non-vault XP
 B = Vault XP
 C = Vault XP percentage of total XP
 D = Non-vault monster count
 E = Vault monster count
 F = Vault count percentage of total count
                 A         B        C        D         E       F
            +---------+---------+-------+---------+---------+-------
      Total |      25 |       1 |   3.8 |      14 |       1 |   6.7
            +---------+---------+-------+---------+---------+-------
        D:1 |      18 |       1 |   5.3 |      10 |       1 |   9.1
        D:2 |       7 |       0 |   0.0 |       4 |       0 |   0.0
            +---------+---------+-------+---------+---------+-------
